 Dungeon Crawl Stone Soup version 0.23-a0-207-g93a313e (webtiles) character file.

76 HerrDoktor the Skirmisher (level 4, 0/41 HPs)
             Began as a Minotaur Abyssal Knight on Sept 24, 2018.
             Was a Believer of Lugonu.
             Succumbed to Robin's poison
             ... on level 1 of the Dungeon.
             The game lasted 00:04:28 (1374 turns).

HerrDoktor the Skirmisher (Minotaur Abyssal Knight) Turns: 1374, Time: 00:04:29

Health: 0/41       AC:  3    Str: 17    XL:     4   Next: 12%
Magic:  4/4        EV: 11    Int: 14    God:    Lugonu [**....]
Gold:   71         SH:  0    Dex: 10    Spells: 3/3 levels left

rFire    . . .     SeeInvis .   a - +1 falchion
rCold    . . .     Gourm    .   (no shield)
rNeg     . . .     Faith    .   b - +0 leather armour
rPois    .         Spirit   .   (helmet restricted)
rElec    .         Reflect  .   (no cloak)
rCorr    .         Harm     .   (no gloves)
MR       .....                  (no boots)
Stlth    +.........             (no amulet)
HPRegen  0.13/turn              (no ring)
MPRegen  0.09/turn              (no ring)

@: brilliant, lethally poisoned (0 -> -9)
A: retaliatory headbutt, horns 2
a: Depart the Abyss, Bend Space, Renounce Religion


You were on level 1 of the Dungeon.
You worshipped Lugonu.
Lugonu was pleased with you.
You were very hungry.

You visited 1 branch of the dungeon, and saw 2 of its levels.
You visited the Abyss 1 time.

You collected 71 gold pieces.

Inventory:

Hand Weapons
 a - a +1 falchion (weapon)
Missiles
 j - 66 stones (quivered)
Armour
 b - a +0 leather armour (worn)
Scrolls
 e - a scroll of teleportation {unknown}
 g - a scroll of remove curse {unknown}
 i - 2 scrolls of identify {unknown}
Potions
 d - a potion of mutation {unknown}
 h - a potion of might {unknown}
Comestibles
 c - 2 rations


   Skills:
 + Level 4.7 Fighting
 * Level 4.0 Long Blades
 + Level 2.6 Armour
 + Level 1.4 Dodging
 + Level 1.8 Invocations


You had 3 spell levels left.
You didn't know any spells.
Your spell library was empty.

Dungeon Overview and Level Annotations

Branches:
Dungeon (2/15)

Altars:


Innate Abilities, Weirdness & Mutations

You reflexively headbutt those who attack you in melee.
You have a pair of horns on your head.


Message History

You feel sick.
* * * LOW HITPOINT WARNING * * *
You feel sick.
* * * LOW HITPOINT WARNING * * *
You feel sick.
* * * LOW HITPOINT WARNING * * *
You feel sick.
* * * LOW HITPOINT WARNING * * *
You feel sick.
* * * LOW HITPOINT WARNING * * *
You feel sick.
* * * LOW HITPOINT WARNING * * *
You feel sick.
* * * LOW HITPOINT WARNING * * *
You feel sick.
* * * LOW HITPOINT WARNING * * *
You feel sick.
It was a potion of brilliance.
You feel clever all of a sudden.
You die...

.....##......## ##.#............
####.##.##.#.# #.#.##..####### #
#.##......## ##...§....# # ##
#.#..≈≈≈≈..####..≈≈≈≈...# #
.###.#.≈≈≈≈≈≈......≈≈≈§≈≈..# #
.......≈≈≈≈≈≈).><..≈≈≈≈≈≈.## #
.#####.≈≈≈≈≈≈......≈§≈≈≈≈.#######
## #..≈≈≈≈........≈≈≈≈§.#...... #
##.........@........##.##### ###
#.#...####..#####..##.## # ..#
#.#.### #..# ##.#...#### #.#
#.#.# #..# #.†....##. #.# #.#.#
#..# #......... #.# #.#.# #..#
##.....##. #.# #.#.# #..#
##...#### #.#####.#.### #..#
##.## ## ........#...####.)#
#.####.


There were no monsters in sight!

Vanquished Creatures
  Robin (D:1)
  2 adders (D:2)
  A dart slug (D:2)
  3 giant cockroaches
  13 goblins
  6 hobgoblins
  3 jackals (D:2)
  3 bats
  2 frilled lizards
  6 kobolds
  2 rats (D:1)
42 creatures vanquished.

Notes
Turn   | Place    | Note
-------+----------+-------------------------------------------
     0 | Abyss:1  | HerrDoktor the Minotaur Abyssal Knight began the quest for
                  | the Orb.
     0 | Abyss:1  | Reached XP level 1. HP: 19/19 MP: 1/1
   105 | Abyss:1  | Noticed an ancient zyme
   106 | D:1      | Escaped the Abyss
   447 | D:1      | Reached * piety under Lugonu
   447 | D:1      | Reached XP level 2. HP: 27/27 MP: 2/2
  1014 | D:2      | Reached XP level 3. HP: 26/34 MP: 3/3
  1266 | D:2      | Noticed Robin
  1355 | D:2      | Reached ** piety under Lugonu
  1365 | D:1      | Killed Robin
  1365 | D:1      | Reached XP level 4. HP: 11/41 MP: 4/4
  1372 | D:1      | HP: 2/41 [poisoned by Robin]
  1374 | D:1      | Succumbed to Robin's poison

Vault maps used:
D:1:      dpeg_arrival_pits
D:2:      cheibrodos_pilgrimage, nicolae_overflow_crystal_walls,
          chequers_ecumenical_altar_simple, minmay_tromino_v4_c,
          uniq_crazy_yiuf_cottage, uniq_sigmund, uniq_robin

Skill      XL: |  1  2  3 |
---------------+----------+-----
Fighting       | 4 |  4.7
Long Blades    | 3 4 |  4.0
Armour         | |  2.6
Dodging        | |  1.4
Invocations    | |  1.8

Action                   |  1- 3 |  4- 6 || total
-------------------------+-------+-------++-------
Melee: Falchion          |    81 |       ||    81
       Headbutt          |    15 |       ||    15
Invok: Depart the Abyss  |     1 |       ||     1
  Use: Potion            |       |     1 ||     1
Armor: Leather armour    |    27 |       ||    27
Dodge: Dodged            |    51 |       ||    51
       Rpst.: Falchion   |    11 |       ||    11

Table legend:
 A = Non-vault XP
 B = Vault XP
 C = Vault XP percentage of total XP
 D = Non-vault monster count
 E = Vault monster count
 F = Vault count percentage of total count
                 A         B        C        D         E       F
            +---------+---------+-------+---------+---------+-------
      Total |      72 |      37 |  33.9 |      29 |      13 |  31.0
            +---------+---------+-------+---------+---------+-------
        D:1 |      21 |      20 |  48.8 |      15 |       4 |  21.1
        D:2 |      51 |      17 |  25.0 |      14 |       9 |  39.1
            +---------+---------+-------+---------+---------+-------
